 Dungeon Crawl Stone Soup version 0.25-a0-835-gb37b1c2 (webtiles) character file.

Game seed: 6927375286319060307, levelgen mode: deterministic

2104 Illumine the Chiller (level 9, -2/50 HPs)
             Began as a Deep Elf Ice Elementalist on Apr 23, 2020.
             Slain by a hippogriff (8 damage)
             ... on level 7 of the Dungeon.
             The game lasted 00:23:19 (6614 turns).

Illumine the Chiller (Deep Elf Ice Elementalist)    Turns: 6614, Time: 00:23:19

Health: -2/50      AC:  3    Str:  5    XL:     9   Next: 7%
Magic:  19/21      EV: 15    Int: 24    God:
Gold:   458        SH:  0    Dex: 15    Spells: 2/21 levels left

rFire    . . .     SeeInvis .   a - +1 dagger (vamp)
rCold    . . .     Gourm    .   (no shield)
rNeg     . . .     Faith    .   b - +0 robe
rPois    .         Spirit   .   (no helmet)
rElec    .         Reflect  .   y - +0 cloak
rCorr    .         Harm     .   (no gloves)
MR       .....                  (no boots)
Stlth    ++........             d - amulet of the acrobat
HPRegen  0.16/turn              (no ring)
MPRegen  0.17/turn              (no ring)

@: lethally poisoned (-2 -> -4)
A: no striking features
a: no special abilities


You were on level 7 of the Dungeon.
You were not hungry.

You visited 1 branch of the dungeon, and saw 7 of its levels.

You collected 458 gold pieces.

Inventory:

Hand Weapons
 a - a +1 vampiric dagger (weapon)
 k - a +0 hunting sling
 E - a +2 dagger of flaming
 G - a cursed +3 spear
Missiles
 e - a throwing net
 g - 8 silver javelins
 i - 115 stones (quivered)
 r - 70 sling bullets
 A - 28 poisoned darts
Armour
 b - a +0 robe (worn)
 y - a +0 cloak (worn)
Jewellery
 d - an amulet of the acrobat (around neck)
 x - a cursed ring of teleportation
Wands
 v - a wand of iceblast (10)
 F - a wand of disintegration (12)
 H - a wand of random effects (19)
Scrolls
 f - 2 scrolls of magic mapping
 l - a scroll of amnesia
 m - a scroll of random uselessness {unknown}
 n - 4 scrolls of fear
 o - a scroll of noise {unknown}
 q - a scroll of identify
 s - 4 scrolls of remove curse
 D - a scroll of teleportation {unknown}
Potions
 h - 2 potions of resistance
 j - a potion of flight {unknown}
 p - a potion of curing {unknown}
 t - a potion of magic {unknown}
 u - a potion of lignification {unknown}
 w - a potion of mutation {unknown}
 z - a potion of brilliance {unknown}
 B - 2 potions of heal wounds
 C - a potion of haste {unknown}
Comestibles
 c - 6 rations
 I - a chunk of flesh


   Skills:
 + Level 3.1 Fighting
 - Level 2.1 Short Blades
 + Level 5.5 Dodging
 - Level 2.4 Stealth
 + Level 6.8 Spellcasting
 + Level 3.9 Conjurations
 - Level 4.0 Charms
 * Level 5.5 Summonings
 + Level 6.9 Ice Magic
 - Level 2.0 Air Magic


You had 2 spell levels left.
You knew the following spells:

 Your Spells              Type           Power        Failure   Level  Hunger
a - Freeze                Ice            ####         1%          1    None
b - Frozen Ramparts       Ice            #####.       1%          3    None
c - Ozocubu's Armour      Chrm/Ice       ####....     2%          3    None
d - Summon Ice Beast      Ice/Summ       #####...     5%          4    ###....
e - Hailstorm             Conj/Ice       ####....     8%          4    ###....
f - Summon Lightning Spi  Summ/Air       ####....     16%         4    ###....

Your spell library contained the following spells:

 Spells                   Type           Power        Failure   Level  Hunger
 Summon Small Mammal      Summ           ####         1%          1    None
 Call Imp                 Summ           ####....     1%          2    None
 Call Canine Familiar     Summ           ####....     2%          3    None
 Summon Guardian Golem    Hex/Summ       ###.....     7%          3    None


Dungeon Overview and Level Annotations

Branches:
Dungeon (7/15)
 Temple: D:4-7

Altars:
Makhleb

Annotations:
D:4 Grinder
D:7 Maggie


Message History

You hit the hippogriff.
The hippogriff is moderately wounded.
You hit the hippogriff.
You feel better.
The hippogriff is moderately wounded.
You feel sick.
The wall freezes the hippogriff!
The hippogriff bites you. The hippogriff pecks you.
* * * LOW HITPOINT WARNING * * *
The hippogriff claws you.
* * * LOW HITPOINT WARNING * * *
Casting: Frozen Ramparts (safe; 1% risk of failure)
Confirm with . or Enter, or press ? or * to list all spells.
Aiming: Freeze (safe; 1% risk of failure)
Press: ? - help, Shift-Dir - straight line, f - hippogriff
Aim: a hippogriff (heavily wounded)
You freeze the hippogriff.
The hippogriff is severely wounded.
The frozen ramparts melt away.
The hippogriff bites you.
* * * LOW HITPOINT WARNING * * *
The hippogriff pecks you!
You die...

#....# #.#........#h #(...#
#.. .#...?...(. #. #(...##
#..##..........
#..#<....###...........#.###
#.....$...............(.(.#
##.............#......#.#.##
#.....##...# #.(.....<....#
##..#.#..#.###.#(.........#
#.........#.@H.(.†..........
#............#...............
#.#.#.....####...............
#.#.#......# #...............
###.#.#..#.#.#
#............©.#
#............#
#.......########
###..........####...[..#
#...........####.....#
#.............##[...##


You could see a hippogriff.

Vanquished Creatures
  A sky beast (D:5)
  A black bear (D:7)
  2 ogres
  2 centaurs
  2 bullfrogs (D:6)
  A scorpion (D:6)
  6 killer bees
  3 howler monkeys (D:7)
  A nameless horror (D:6)
  3 crimson imps
  4 hounds
  5 orc wizards
  2 orc priests
  3 jellies
  3 iguanas
  2 worker ants
  A hound zombie (D:5)
  7 adders
  A howler monkey skeleton (D:6)
  2 oozes
  3 worms
  4 leopard geckos
  25 orcs
  A ball python (D:1)
  6 bats
  3 giant cockroaches
  10 goblins
  6 hobgoblins
  11 jackals
  A quokka (D:4)
  8 frilled lizards
  6 kobolds
  7 rats
143 creatures vanquished.

Vanquished Creatures (collateral kills)
  A phantom (D:4)
  7 wights (D:7)
  A howler monkey skeleton (D:5)
  2 orcs
11 creatures vanquished.

Grand Total: 154 creatures vanquished

Notes
Turn   | Place    | Note
-------+----------+-------------------------------------------
     0 | D:1      | Illumine the Deep Elf Ice Elementalist began the quest for
                  | the Orb.
     0 | D:1      | Reached XP level 1. HP: 10/10 MP: 6/6
   338 | D:1      | Reached XP level 2. HP: 15/15 MP: 6/8
   805 | D:1      | Reached skill level 1 in Short Blades
  1383 | D:2      | Reached XP level 3. HP: 18/19 MP: 8/10
  1412 | D:2      | Learned a level 3 spell: Frozen Ramparts
  1429 | D:2      | Learned a level 3 spell: Ozocubu's Armour
  1526 | D:2      | Found a burning altar of Makhleb.
  1532 | D:2      | Reached skill level 1 in Charms
  1532 | D:2      | Reached skill level 5 in Ice Magic
  1532 | D:2      | Reached XP level 4. HP: 19/24 MP: 6/12
  1538 | D:2      | Learned a level 4 spell: Summon Ice Beast
  1703 | D:2      | Found a faded altar of an unknown god.
  2669 | D:3      | Reached XP level 5. HP: 28/28 MP: 9/13
  2837 | D:4      | Reached skill level 1 in Summonings
  3057 | D:4      | Reached skill level 5 in Spellcasting
  3057 | D:4      | Reached XP level 6. HP: 26/33 MP: 11/15
  3119 | D:4      | Learned a level 4 spell: Hailstorm
  3222 | D:4      | Reached skill level 1 in Fighting
  3642 | D:4      | Noticed Grinder
  3645 | D:4      | Paralysed by Grinder for 3 turns
  3672 | D:5      | Entered Level 5 of the Dungeon
  3775 | D:5      | Reached skill level 1 in Conjurations
  3883 | D:5      | Reached XP level 7. HP: 38/38 MP: 11/17
  4926 | D:6      | Reached XP level 8. HP: 28/44 MP: 14/19
  5082 | D:6      | Learned a level 4 spell: Summon Lightning Spire
  5753 | D:6      | Reached skill level 1 in Air Magic
  5770 | D:7      | Noticed Maggie
  5785 | D:6      | Reached skill level 5 in Dodging
  6137 | D:7      | Reached skill level 5 in Summonings
  6410 | D:7      | Reached XP level 9. HP: 31/50 MP: 18/21
  6614 | D:7      | Slain by a hippogriff

Levels and vault maps discovered:
D:1:      dpeg_arrival_houses_and_road, layout_rooms
D:2:      minmay_door_path, layout_loops_cross,
          chequers_ecumenical_altar_simple_redux, makhleb_heckhound_becter
D:3:      layout_rooms, first_ration, minmay_liquid_box,
          hangedman_decor_slide_cut
D:4:      layout_basic, minmay_temple_entry_drinking_statues, uniq_grinder
D:5:      cheibrodos_quashed, layout_loops_ring
D:6:      layout_rooms, moated_statue
D:7:      gammafunk_cloud_chamber, layout_rooms, basic_altar,
          minmay_misc_feat_tower, uniq_crazy_yiuf_cottage, uniq_maggie

Skill      XL: |  1  2  3  4  5  6  7  8 |
---------------+-------------------------+-----
Short Blades   | 1 2 |  2.1
Spellcasting   | 4 5 6 |  6.8
Charms         | 1 2 3 4 |  4.0
Ice Magic      | 5 6 |  6.9
Summonings     | 1 2 3 5 |  5.5
Dodging        | 3 4 5 |  5.5
Fighting       | 1 2 3 |  3.1
Conjurations   | 1 2 3 |  3.9
Air Magic      | 2 |  2.0
Stealth        | |  2.4

Action                   |  1- 3 |  4- 6 |  7- 9 || total
-------------------------+-------+-------+-------++-------
Melee: Dagger            |    17 |    75 |    69 ||   161
 Fire: Hunting sling     |     2 |    20 |    10 ||    32
Throw: Stone             |     1 |       |       ||     1
 Cast: Freeze            |    35 |    21 |    19 ||    75
       Frozen Ramparts   |     3 |    22 |    32 ||    57
       Summon Ice Beast  |       |     5 |     2 ||     7
       Summon Lightning  |       |       |     3 ||     3
       Hailstorm         |       |       |     1 ||     1
  Use: Scroll            |       |     5 |     3 ||     8
 Stab: Sleeping          |     1 |     4 |     1 ||     6
  Eat: Chunk             |     2 |    10 |     4 ||    16
       Ration            |       |       |     2 ||     2
Armor: Robe              |     3 |    15 |    15 ||    33
Dodge: Dodged            |    19 |    57 |   111 ||   187

Table legend:
 A = Non-vault XP
 B = Vault XP
 C = Vault XP percentage of total XP
 D = Non-vault monster count
 E = Vault monster count
 F = Vault count percentage of total count
                 A         B        C        D         E       F
            +---------+---------+-------+---------+---------+-------
      Total |    2951 |      56 |   1.9 |     147 |       6 |   3.9
            +---------+---------+-------+---------+---------+-------
        D:1 |      35 |       0 |   0.0 |      20 |       0 |   0.0
        D:2 |      41 |      56 |  57.7 |      15 |       6 |  28.6
        D:3 |      71 |       0 |   0.0 |      24 |       0 |   0.0
        D:4 |     324 |       0 |   0.0 |      16 |       0 |   0.0
        D:5 |     708 |       0 |   0.0 |      27 |       0 |   0.0
        D:6 |     874 |       0 |   0.0 |      20 |       0 |   0.0
        D:7 |     898 |       0 |   0.0 |      25 |       0 |   0.0
            +---------+---------+-------+---------+---------+-------
